 Dungeon Crawl Stone Soup version 0.32-a0-918-g0f22ef8d61 (webtiles) character file.

Game seed: 15982370835291614100

12044 Autsider the Blocker (level 11, -11/94 HPs)
             Began as a Mountain Dwarf Summoner on Apr 10, 2024.
             Was a Priest of Kikubaaqudgha.
             Killed by an exploding blazeheart core (24 damage)
             ... on level 2 of the Lair of Beasts.
             The game lasted 00:38:34 (13551 turns).

Autsider the Blocker (Mountain Dwarf Summoner)     Turns: 13551, Time: 00:38:35

Health: -11/94     AC: 12    Str: 10    XL:     11   Next: 57%
Magic:  22/28      EV: 27    Int: 21    God:    Kikubaaqudgha [***...]
Gold:   806        SH:  6    Dex: 10    Spells: 11/20 levels left

rFire   . . .        K - +4 trident (chaos)
rCold   . . .        k - +0 buckler
rNeg    . . .        I - +0 steam dragon scales
rPois   .            r - +0 helmet
rElec   .            (no cloak)
rCorr   .            x - +0 pair of gloves
SInv    .            y - +2 pair of boots
Will    +....        s - amulet of the acrobat
Stlth   ++           f - ring of magical power
HPRegen 0.35/turn    E - ring of wizardry
MPRegen 0.21/turn

%: acrobat, wizardry (x1)
@: lethally poisoned (-11 -> -12), acrobatic, studying Shields
A: runic magic, artefact enchanting
a: Renounce Religion, Unearth Wretches


You were on level 2 of the Lair of Beasts.
You worshipped Kikubaaqudgha.
Kikubaaqudgha was most pleased with you.
You visited 3 branches of the dungeon, and saw 13 of its levels.

You collected 806 gold pieces.

Inventory:

Hand Weapons
 K - a +4 trident of chaos (weapon)
 L - a +1 trident
Armour
 k - a +0 buckler (worn)
 r - a +0 helmet (worn)
 x - a +0 pair of gloves (worn)
 y - a +2 pair of boots (worn)
 H - a +0 kite shield
 I - +0 steam dragon scales (worn)
 M - a +0 troll leather armour
Magical Staves
 G - a staff of conjuration
Jewellery
 d - a ring of protection from cold
 f - a ring of magical power (left hand)
 g - a +5 ring of evasion
 h - an amulet of guardian spirit
 s - an amulet of the acrobat (around neck)
 u - an amulet of faith
 E - a ring of wizardry (right hand)
Wands
 m - a wand of polymorph (21)
 A - a wand of mindburst (14)
 F - a wand of charming (15)
Scrolls
 a - a scroll of silence {unknown}
 c - 6 scrolls of vulnerability
 e - 2 scrolls of butterflies
 j - 3 scrolls of revelation
 o - a scroll of amnesia
 p - 2 scrolls of enchant weapon
 q - a scroll of fog
 t - a scroll of blinking
 z - a scroll of fear
 C - 2 scrolls of teleportation {@r2}
Potions
 b - 4 potions of magic
 i - 2 potions of enlightenment {unknown}
 l - a potion of ambrosia {unknown}
 n - a potion of curing {@q1}
 v - 5 potions of lignification
 w - a potion of brilliance {unknown}
 B - 3 potions of heal wounds {unknown}
 D - a potion of mutation {unknown}
 J - a potion of berserk rage {unknown}
 O - a potion of degeneration {unknown}


   Skills:
 + Level 7.9 Fighting
 - Level 6.0 Armour
 + Level 5.2 Dodging
 - Level 1.4 Stealth
 - Level 10.0 Shields
 + Level 5.4 Spellcasting
 - Level 9.0 Summonings
 + Level 3.6 Translocations
 - Level 6.0 Fire Magic
 - Level 3.0 Air Magic


You had 11 spell levels left.
You knew the following spells:

 Your Spells              Type           Power      Damage    Failure   Level
b - Summon Blazeheart Go  Fire/Summ      37%        N/A       2%          4
c - Summon Lightning Spi  Summ/Air       30%        N/A       4%          4
x - Summon Small Mammal   Summ           100%       N/A       1%          1

Your spell library contained the following spells:

 Spells                   Type           Power      Damage    Failure   Level
 Foxfire                  Conj/Fire      72%        2x1d7     1%          1
 Call Imp                 Summ           86%        N/A       1%          2
 Call Canine Familiar     Summ           43%        N/A       1%          3
 Mercury Vapours          Alch/Air       24%        N/A       4%          2
 Static Discharge         Conj/Air       24%        3-4/arc   4%          2
 Inner Flame              Hex/Fire       18%        N/A       4%          3
 Kiss of Death            Conj/Necr      20%        2d7       5%          1
 Necrotise                Necr           20%        1d5       5%          1
 Sting                    Conj/Alch      20%        1d4       5%          1
 Cigotuvi's Dreadful Rot  Necr/Alch/Air  18%        N/A       5%          2
 Ensorcelled Hibernation  Hex/Ice        10%        N/A       9%          2
 Sublimation of Blood     Necr           5%         N/A       9%          2
 Animate Armour           Summ/Erth      48%        N/A       9%          4
 Martyr's Knell           Necr/Summ      24%        N/A       9%          4
 Passage of Golubria      Tloc           20%        N/A       12%         4
 Summon Forest            Summ/Tloc      16%        N/A       12%         5
 Confusing Touch          Hex            5%         N/A       16%         3
 Fugue of the Fallen      Necr           5%         N/A       16%         3
 Stone Arrow              Conj/Erth      10%        3d7       16%         3
 Tukima's Dance           Hex            5%         N/A       16%         3
 Airstrike                Air            9%         2d(2-18)  16%         4
 Anguish                  Hex/Necr       2%         N/A       45%         4
 Dispel Undead            Necr           5%         3d7       45%         4
 Leda's Liquefaction      Alch/Erth      2%         N/A       45%         4
 Olgreb's Toxic Radiance  Alch           5%         N/A       45%         4
 Petrify                  Alch/Erth      5%         N/A       45%         4
 Summon Hydra             Summ           21%        N/A       69%         7
 Plasma Beam              Fire/Air       12%        2x1d23    75%         6
 Curse of Agony           Necr           5%         N/A       78%         5
 Irradiate                Conj/Alch      2%         3d12      78%         5
 Metabolic Englaciation   Hex/Ice        2%         N/A       78%         5
 Yara's Violent Unravell  Hex/Alch       2%         3d3       78%         5
 Dispersal                Tloc           10%        N/A       86%         6
 Gell's Gavotte           Tloc           10%        2d(16-23) 86%         6
 Starburst                Conj/Fire      9%         6d5       90%         6
 Death Channel            Necr           2%         N/A       100%        6
 Eringya's Noxious Bog    Alch           2%         4d6       100%        6
 Manifold Assault         Tloc           10%        N/A       100%        7
 Disjunction              Tloc           10%        N/A       100%        8
 Ignition                 Fire           15%        3d6       100%        8
 Lehudib's Crystal Spear  Conj/Erth      2%         10d2      100%        8


Dungeon Overview and Level Annotations

Branches:
Dungeon (10/15)            Temple (1/1) D:7            Lair (2/5) D:10
  Swamp: Lair:2-3    Shoals: Lair:2-3     Snake: Lair:2-3    Spider: Lair:2-3
    Orc: D:9-12

Altars:
Ashenzari
Cheibriados
Dithmenos
Elyvilon
Fedhas
Gozag
Hepliaklqana
Kikubaaqudgha
Makhleb
Nemelex Xobeh
Okawaru
Qazlal
Ru
Sif Muna
Trog
Uskayaw
Vehumet
Wu Jian
Xom
Yredelemnul
Zin
The Shining One
Lugonu

Portals:
Abyss: D:8
Trove: D:10 (give +2 shadow dragon scales)

Annotations:
D:3 exclusion: downstairs
D:4 exclusion: downstairs
D:8 2 runed translucent doors
Temple 2 transporters


Innate Abilities, Weirdness & Mutations

Your spellcasting is much less encumbered by armour.
You can use scrolls of enchantment on lesser artefacts.


Message History

The fiery explosion engulfs the yak!!
The fiery explosion engulfs the black mamba!!
The black mamba is engulfed in blazing flames.
The black mamba misses you.
The yak is engulfed in blazing flames. x2
You kill the yak!
Kikubaaqudgha accepts your kill. The yak completely misses you.
Reach: K) +4 trident (chaos)
Press: ? - help, Dir - move target, f - black mamba
Aim: a black mamba (flame, almost dead, about 54% to evade your +4 trident of chaos)
You puncture the black mamba!
You kill the black mamba!
Kikubaaqudgha accepts your kill.
You feel very sick.
The yak is engulfed in blazing flames.
You feel sick. The yak attacks as it pursues you!
The yak completely misses you. The yak gores you but does no damage.
The yak completely misses you.
Casting: Summon Blazeheart Golem (dangerous; 2% risk of failure)
Confirm with . or Enter, or press ? or * to list all spells.
A fiery spirit appears, bound in slag iron.
You feel sick. The yak completely misses you. The yak gores you!
* * * LOW HITPOINT WARNING * * *
The yak gores you!
* * * LOW HITPOINT WARNING * * *
Found 12 gold pieces.
You feel sick.
Your blazeheart golem punches the yak but does no damage.
You feel sick. The yak gores your blazeheart golem.
The yak attacks as it pursues you! The yak gores you!
* * * LOW HITPOINT WARNING * * *
You feel sick.
The yak gores your blazeheart golem but does no damage.
The yak gores your blazeheart golem! x2
Your blazeheart golem punches the yak!!
Your blazeheart golem falls apart, revealing its core!
You feel sick.
Your blazeheart core explodes!
The fiery explosion engulfs you!!
You die...
Kikubaaqudgha rasps: You have failed me!
Welcome... death!

###.#.#..P
.........#
.........##
#.#..#...P#
.......<.##
.......††P#
.#####?#.##
...###P##Y..P#
.......@☼Y...#
.......☼.Y...#
............##
.########P..#
##..# ...#
.... .$## .#


You could see 3 yaks.

Vanquished Creatures
  A boulder beetle (Lair:1)
  2 black mambas
  A gargoyle (D:9)
  3 nameless horrors
  4 komodo dragons
  A polar bear (Lair:1)
  A troll (D:10)
  A shadow (D:9)
  11 yaks
  A vampire (D:9)
  A wyvern (D:10)
  4 basilisks
  A steam dragon (D:8)
  An acid dragon (D:10)
  2 water moccasins (Lair:1)
  3 orc warriors
  2 ice beasts
  An ogre (D:4)
  3 wolves (Lair:1)
  2 centaurs
  2 kobold brigands
  2 bullfrogs
  6 wights
  10 killer bees (D:9)
  2 howler monkeys
  A jelly (D:6)
  4 orc priests
  4 orc wizards
  4 adders
  4 gnolls
  2 ufetubi
  25 orcs
  6 endoplasms
  A giant cockroach (D:1)
  4 goblins
  5 hobgoblins
  14 kobolds
  3 quokkas
  5 ball pythons
  5 bats
  4 frilled lizards
  7 rats
166 creatures vanquished.

Vanquished Creatures (collateral kills)
  Urug (Lair:1)
  A gargoyle (D:9)
  A cane toad (Lair:1)
  A tengu conjurer (D:10)
  2 shadows
  A wraith (D:9)
  A yak (Lair:1)
  A water moccasin (Lair:1)
  2 orc warriors
  2 ogres
  A kobold brigand (D:8)
  A bullfrog (D:7)
  A gnoll sergeant (D:10)
  2 scorpions
  4 wights
  7 killer bees (D:9)
  A nameless horror (D:9)
  A bombardier beetle (D:5)
  2 hounds
  5 jellies
  Terence (D:3)
  3 orc wizards
  3 gnolls
  4 adders
  2 ufetubi
  A ribbon worm (D:2)
  27 orcs
  4 kobolds
  2 quokkas
  A bat (D:3)
  A rat (D:1)
87 creatures vanquished.

Vanquished Creatures (others)
  72 blazeheart cores
72 creatures vanquished.

Grand Total: 325 creatures vanquished

Notes
Turn   | Place    | Note
-------+----------+-------------------------------------------
     0 | D:1      | Autsider the Mountain Dwarf Summoner began the quest for
                  | the Orb.
     0 | D:1      | Reached XP level 1. HP: 14/14 MP: 3/3
   401 | D:1      | Reached XP level 2. HP: 22/22 MP: 5/5
   476 | D:1      | Reached skill level 1 in Fighting
  1252 | D:2      | Reached XP level 3. HP: 28/28 MP: 6/6
  2047 | D:3      | Found an iron altar of Okawaru.
  2330 | D:3      | Noticed Terence
  2391 | D:3      | Reached skill level 1 in Shields
  2830 | D:3      | Reached XP level 4. HP: 31/36 MP: 7/7
  2835 | D:3      | Learned a level 4 spell: Summon Blazeheart Golem
  3514 | D:4      | Noticed an ogre
  3614 | D:4      | Noticed a scorpion
  3816 | D:4      | Reached skill level 1 in Fire Magic
  3865 | D:4      | Noticed an ogre
  3884 | D:4      | Noticed a nameless horror
  3947 | D:4      | Killed a scorpion
  3948 | D:4      | Reached XP level 5. HP: 42/42 MP: 3/9
  4311 | D:5      | Entered Level 5 of the Dungeon
  4488 | D:4      | Killed an ogre
  4489 | D:4      | Reached skill level 2 in Shields
  4489 | D:4      | Reached XP level 6. HP: 50/50 MP: 10/10
  4563 | D:4      | Reached skill level 1 in Armour
  4684 | D:4      | Killed a nameless horror
  4771 | D:5      | Reached skill level 5 in Summonings
  4810 | D:4      | Reached XP level 7. HP: 25/57 MP: 8/11
  5043 | D:5      | Reached skill level 3 in Shields
  5928 | D:6      | Reached skill level 5 in Fire Magic
  5972 | D:6      | Noticed a nameless horror
  5990 | D:6      | Killed a nameless horror
  6237 | D:6      | Found a blossoming altar of Fedhas.
  6482 | D:6      | Reached skill level 4 in Shields
  6527 | D:6      | Found a broken altar of Ashenzari.
  7259 | D:7      | Reached XP level 8. HP: 61/63 MP: 12/12
  7720 | D:7      | Found a staircase to the Ecumenical Temple.
  7729 | Temple   | Found a transporter.
  7729 | Temple   | Found a transporter.
  7729 | Temple   | Found a transporter.
  7729 | Temple   | Found a transporter.
  7729 | Temple   | Entered the Ecumenical Temple
  7742 | Temple   | Became a worshipper of Kikubaaqudgha
  7814 | D:7      | Found a sacrificial altar of Ru.
  8044 | D:3      | Killed Terence
  8150 | D:8      | Identified the +1 robe of Repulsion {Int+3}
  8150 | D:8      | Noticed a kobold demonologist
  8150 | D:8      | Noticed a kobold demonologist
  8150 | D:8      | Found a one-way gate to the infinite horrors of the Abyss.
  8153 | D:8      | Noticed a white ugly thing
  8262 | D:8      | Found a white marble altar of Elyvilon.
  8497 | D:8      | Found a glowing silver altar of Zin.
  8497 | D:8      | Found a sparkling altar of Nemelex Xobeh.
  8554 | D:8      | Identified the +0 leather armour of Boehofit {Str+4 Dex-4}
  8630 | D:8      | Found a large runed translucent door.
  8630 | D:8      | Found a large runed translucent door.
  8746 | D:8      | Reached XP level 9. HP: 71/71 MP: 13/13
  8835 | D:8      | Reached * piety under Kikubaaqudgha
  8835 | D:8      | Received a gift from Kikubaaqudgha
  8842 | D:8      | Reached skill level 5 in Armour
  8856 | D:8      | Reached skill level 5 in Shields
  9083 | D:8      | Found a corrupted altar of Lugonu.
  9444 | D:9      | Reached skill level 6 in Shields
  9535 | D:9      | Reached skill level 5 in Fighting
  9544 | D:9      | Reached ** piety under Kikubaaqudgha
  9721 | D:9      | Reached XP level 10. HP: 33/81 MP: 16/16
 10196 | D:9      | Learned a level 4 spell: Summon Lightning Spire
 10298 | D:9      | Reached skill level 7 in Shields
 10581 | D:9      | Noticed a gargoyle
 10587 | D:9      | Killed a gargoyle
 10590 | D:9      | Noticed a gargoyle
 10599 | D:9      | Killed a gargoyle
 10821 | D:10     | Entered Level 10 of the Dungeon
 11046 | D:10     | Found a hazy altar of Hepliaklqana.
 11190 | D:10     | Reached skill level 8 in Shields
 11190 | D:10     | Reached skill level 1 in Translocations
 11199 | D:10     | Reached skill level 1 in Air Magic
 11313 | D:10     | Found a staircase to the Lair.
 11555 | D:10     | Found a radiant altar of Vehumet.
 11808 | D:10     | Found a portal to a secret trove of treasure.
 12003 | D:10     | Reached skill level 5 in Spellcasting
 12105 | D:10     | Reached *** piety under Kikubaaqudgha
 12105 | D:10     | Received a gift from Kikubaaqudgha
 12364 | Lair:1   | Entered Level 1 of the Lair of Beasts
 12385 | Lair:1   | Reached skill level 9 in Shields
 12389 | Lair:1   | Reached XP level 11. HP: 91/91 MP: 18/18
 12407 | Lair:1   | Noticed a boulder beetle
 12423 | Lair:1   | Killed a boulder beetle
 12785 | Lair:1   | Noticed Urug
 12809 | Lair:1   | Killed Urug
 13177 | Lair:1   | Reached skill level 10 in Shields
 13178 | Lair:1   | Reached skill level 5 in Dodging
 13551 | Lair:2   | Killed by an exploding blazeheart core

Illustrated notes

Levels and vault maps discovered:
D:1:      saegor_arrival_simple_a, layout_loops_corners,
          ebering_dispersal_statue_hall
D:2:      layout_loops_ring, minmay_tetromino_i2
D:3:      layout_loops_ring, amcnicky_altar_gilded, uniq_terence
D:4:      layout_basic
D:5:      layout_layer_cave
D:6:      layout_loops_corners, fedhas_altar_4,
          mainiacjoe_overflow_small_starburst, kennysheep_small_spiral
D:7:      layout_rooms, kennysheep_little_box,
          minmay_temple_entry_drinking_statues
D:8:      due_chaos_kobolds, layout_rooms, kennysheep_mini_moat,
          amethyst_overflow_temple_binary, minmay_manual_mullet
D:9:      cheibrodos_statue_roulette, layout_basic,
          hangedman_abyss_or_decor_stagger
D:10:     layout_basic, mainiacjoe_overflow_big_doors, erik_lair_dragon,
          special_room [special_room_orc], nicolae_trove_entry_crystal
Temple:   hellmonk_temple_divided_pantheon
Lair:1:   layout_layer_cave, lemuel_fruit_fields, infiniplex_staircase_pool_2,
          uniq_urug
Lair:2:   nzn_winding_woodlands_medium [nzn_winding_woodlands_5x5_default,
          nzn_winding_woodlands_5x15_longhouse,
          nzn_winding_woodlands_5x5_default, nzn_winding_woodlands_5x5_cross,
          nzn_winding_woodlands_center_diamonds,
          nzn_winding_woodlands_hourglass, nzn_winding_woodlands_5x5_three,
          nzn_winding_woodlands_5x15_parted,
          nzn_winding_woodlands_5x5_closed_star], layout_long_grid,
          alex1729_swamp_entry_worm_eleionoma, basic_altar

Skill      XL: |  1  2  3  4  5  6  7  8  9 10 11 |
---------------+----------------------------------+-----
Spellcasting   | 2 3 4 5 |  5.4
Fighting       | 1 2 3 4 5 6 7 |  7.9
Shields        | 1 2 4 6 9 10 | 10.0
Fire Magic     | 2 4 5 6 |  6.0
Armour         | 1 3 4 6 |  6.0
Summonings     | 5 6 7 8 9 |  9.0
Dodging        | 2 3 4 5 |  5.2
Translocations | 2 3 |  3.6
Air Magic      | 2 3 |  3.0
Stealth        | |  1.4

Action                     |  1- 3 |  4- 6 |  7- 9 | 10-12 || total
---------------------------+-------+-------+-------+-------++-------
  Melee: Whip              |   177 |    57 |    21 |       ||   255
         Trident           |       |       |   117 |    88 ||   205
   Cast: Summon Small Mamm |    21 |    12 |     1 |       ||    34
         Summon Blazeheart |       |     7 |    49 |    44 ||   100
         Summon Lightning  |       |       |       |     1 ||     1
    Use: Scroll            |     4 |     1 |       |     7 ||    12
         Potion            |       |       |       |     2 ||     2
   Stab: Sleeping          |     5 |       |     1 |       ||     6
         Distracted        |     2 |       |     2 |     1 ||     5
 Armour: Robe              |    92 |       |       |       ||    92
         Leather armour    |    46 |    38 |    44 |       ||   128
         Steam dragon scal |       |       |    59 |    76 ||   135
  Dodge: Dodged            |    90 |    42 |   197 |    82 ||   411
  Block: Buckler           |    30 |    14 |    59 |    23 ||   126

Table legend: (Time is in decaauts)
 A = Elapsed time spent in this place.
 B = Non-inter-level travel time spent in this place.
 C = Inter-level travel time spent in this place.
 D = Time resting spent in this place.
 E = Time spent auto-exploring this place.
 F = Levels seen in this place.
 G = Mean time per level.
                   A        B        C        D        E       F      G
               +--------+--------+--------+--------+--------+-----+--------+
         Total |  13704 |  12707 |    997 |   1433 |   8606 |  13 | 1054.2 |
       Dungeon |  12467 |  11521 |    946 |   1244 |   7842 |  10 | 1246.7 |
        Temple |     32 |     16 |     16 |      0 |      0 |   1 |   32.0 |
          Lair |   1204 |   1169 |     35 |    189 |    763 |   2 |  602.0 |
               +--------+--------+--------+--------+--------+-----+--------+

Top non-repeatable levels by time:
     D:9: 1747 daAuts
     D:4: 1676 daAuts
    D:10: 1548 daAuts
     D:6: 1360 daAuts
  Lair:1: 1189 daAuts
     D:3: 1181 daAuts
     D:5: 1168 daAuts
     D:1: 1137 daAuts
     D:8: 1000 daAuts
     D:2: 913 daAuts
     D:7: 732 daAuts
  Temple: 32 daAuts
  Lair:2: 14 daAuts
